 Dungeon Sprint DCSS version 0.31-a0-716-gc7603755dd (webtiles) character file.

Game seed: 4032542965550304568

773 rocky1 the Basher (level 7, -11/85 HPs)
             Began as an Ogre Gladiator on Sept 11, 2023.
             Was an Initiate of Gozag.
             Mangled by a flayed ghost (25 damage)
             ... in the Dungeon (Sprint VII: "The Pits").
             The game lasted 00:02:59 (1083 turns).

rocky1 the Basher (Ogre Gladiator)                  Turns: 1083, Time: 00:02:59

Health: -11/85     AC: 10    Str: 21    XL:     7   Next: 83%
Magic:  7/7        EV: 12    Int:  9    God:    Gozag
Gold:   1431       SH:  0    Dex: 10    Spells: 6/6 levels left

rFire   . . .        p - +1 flail (protect)
rCold   . . .        (no shield)
rNeg    . . .        b - +0 robe
rPois   .            c - +0 hat
rElec   .            (no cloak)
rCorr   .            (gloves unavailable)
SInv    .            (boots unavailable)
Will    .....        (no amulet)
Stlth   +            (no ring)
HPRegen 0.34/turn    (no ring)
MPRegen 0.10/turn

%: no teleportation
@: flayed, under a protective aura, on berserk cooldown, slowed, invisible, very
slow
A: large, unfitting armour, tough skin 1
a: Renounce Religion, Potion Petition, Call Merchant, Bribe Branch


You were in the Dungeon.
You worshipped Gozag.
Gozag was most pleased with you.
You visited 1 branch You collected 1431 gold pieces.

Inventory:

Hand Weapons
 a - a +0 flail
 p - a +1 flail of protection (weapon)
 q - a +0 giant spiked club
Missiles
 d - 2 throwing nets (quivered)
 e - a large rock
Armour
 b - a +0 robe (worn)
 c - a +0 hat (worn)
Scrolls
 k - a scroll of blinking
 m - 2 scrolls of vulnerability
 n - 5 scrolls of amnesia
 o - a scroll of butterflies
Potions
 f - 6 potions of curing
 g - 2 potions of heal wounds
 h - a potion of haste
 i - 4 potions of magic
 l - a potion of invisibility


   Skills:
 + Level 10.0 Fighting
 * Level 10.2 Maces & Flails
 - Level 3.7 Throwing
 + Level 9.6 Dodging


You had 6 spell levels left.
You didn't know any spells.
Your spell library was empty.

Dungeon Overview and Level Annotations

Branches:
Dungeon (1/1)

Altars:
Ashenzari
Cheibriados
Dithmenos
Elyvilon
Fedhas
Gozag
Hepliaklqana
Kikubaaqudgha
Makhleb
Nemelex Xobeh
Okawaru
Qazlal
Ru
Sif Muna
Trog
Uskayaw
Vehumet
Wu Jian
Xom
Yredelemnul
Zin
The Shining One
Jiyva
Lugonu


Innate Abilities, Weirdness & Mutations

You are too large for most types of armour.
You have tough skin. (AC +1)


Message History

You are no longer berserk.
You are exhausted.
You feel yourself slow down.
You sock the flayed ghost!
The flayed ghost is lightly damaged.
The flayed ghost barely misses you.
The vampire knight mumbles some strange words.
The vampire knight seems to speed up.
The flayed ghost hits you!
* * * LOW HITPOINT WARNING * * *
Unknown command.
You feel much better.
The flayed ghost cries, "Suffer as I suffered!"
Terrible wounds spread across more of your body!
You fade into invisibility!
The flayed ghost closely misses you.
The vampire knight gestures wildly while chanting.
The vampire knight flickers and vanishes!
Deactivating autopickup; reactivate with Ctrl-A.
The flayed ghost barely misses you.
Unknown command.
You barely miss the flayed ghost.
The flayed ghost is lightly damaged.
The flayed ghost barely misses you.
You closely miss the flayed ghost.
The flayed ghost is lightly damaged.
The flayed ghost closely misses you. The flayed ghost hits you!!
You sock the flayed ghost!
Your weapon exudes an aura of protection.
The flayed ghost is moderately damaged.
The flayed ghost closely misses you.
You closely miss the flayed ghost.
The flayed ghost is moderately damaged.
The flayed ghost hits you!
* * * LOW HITPOINT WARNING * * *
You catch the helpless flayed ghost completely off-guard!
You sock the flayed ghost!
The flayed ghost is moderately damaged.
The flayed ghost barely misses you. The flayed ghost hits you!!
You die...
Your body crumbles into a pile of gold.

#.####'##'###...<...#
#.#........##.......#
#)#........##.......#
#'###########.......#
#..#.#.##..##########
#.......#)######
##.#.#.##)#....#
#.......#'#....#
##.#.#.##@W{...+
#.......#'#b...#
##.#.#..'.#....#
###############


You could see a flayed ghost (unable to see you) and a fire bat.

Vanquished Creatures
  2 flying skulls (D)
  A jumping spider (D)
  An ogre (D)
  2 centaurs (D)
  An iron imp (D)
  An orc wizard (D)
  A river rat (D)
  An ufetubus (D)
  2 orcs (D)
  An endoplasm (D)
  A quokka (D)
  A ball python (D)
  2 bats (D)
  2 frilled lizards (D)
  A kobold (D)
  A rat (D)
21 creatures vanquished.

Notes
Turn   | Place    | Note
-------+----------+-------------------------------------------
     0 | D        | rocky1 the Ogre Gladiator began the quest for the Orb.
     0 | D        | Reached XP level 1. HP: 22/22 MP: 1/1
    44 | D        | Found a bloodstained altar of Trog.
    44 | D        | Found a shimmering blue altar of Sif Muna.
    44 | D        | Found a viscous altar of Jiyva.
    44 | D        | Found a hazy altar of Hepliaklqana.
    44 | D        | Found an opulent altar of Gozag.
    45 | D        | Found a glowing golden altar of the Shining One.
    45 | D        | Found a glowing silver altar of Zin.
    45 | D        | Found a basalt altar of Yredelemnul.
    45 | D        | Found a shimmering altar of Xom.
    45 | D        | Found an ornate altar of the Wu Jian Council.
    45 | D        | Found a sacrificial altar of Ru.
    45 | D        | Found a stormy altar of Qazlal.
    45 | D        | Found an iron altar of Okawaru.
    45 | D        | Found a sparkling altar of Nemelex Xobeh.
    45 | D        | Found a burning altar of Makhleb.
    45 | D        | Found a blossoming altar of Fedhas.
    45 | D        | Found a white marble altar of Elyvilon.
    45 | D        | Found a shadowy altar of Dithmenos.
    45 | D        | Found a snail-covered altar of Cheibriados.
    48 | D        | Found a corrupted altar of Lugonu.
    48 | D        | Found a radiant altar of Vehumet.
    49 | D        | Found an ancient bone altar of Kikubaaqudgha.
    49 | D        | Found a hide-covered altar of Uskayaw.
    49 | D        | Found a broken altar of Ashenzari.
    52 | D        | Became a worshipper of Gozag Ym Sagoz the Greedy
   473 | D        | Reached XP level 2. HP: 28/31 MP: 2/2
   535 | D        | Noticed a flying skull
   536 | D        | Noticed a centaur
   536 | D        | Noticed a flying skull
   544 | D        | Noticed a centaur
   546 | D        | Noticed an ogre
   549 | D        | Killed a flying skull
   550 | D        | Reached XP level 3. HP: 17/45 MP: 3/3
   550 | D        | Reached XP level 4. HP: 20/53 MP: 4/4
   550 | D        | Reached XP level 5. HP: 23/61 MP: 5/5
   554 | D        | Killed a flying skull
   555 | D        | Reached XP level 6. HP: 23/72 MP: 6/6
   569 | D        | Reached XP level 7. HP: 60/81 MP: 7/7
   752 | D        | Noticed a jumping spider
   775 | D        | Killed a jumping spider
   776 | D        | Reached skill level 10 in Maces & Flails
   797 | D        | Reached skill level 10 in Fighting
  1067 | D        | Noticed a fire bat
  1067 | D        | Noticed a flayed ghost
  1067 | D        | Noticed a vampire knight
  1083 | D        | Mangled by a flayed ghost

Illustrated notes

Levels and vault maps discovered:
D:        pitsprint [storerooms_1, entrance_room_1, metal_vault_6, armoury_1,
          mini_pit_1, grid_room_1, main_hall_1, silver_pit, the_coven_3,
          the_vestibule_1, steel_vault_3, golden_pit, hallway_of_sentries,
          crystal_vault_6, iron_vault_1, final_vault]

Skill      XL: |  1  2  3  4  5  6  7 |
---------------+----------------------+-----
Maces & Flails | 3 6 8 10 | 10.2
Dodging        | 3 6 8 9 |  9.6
Fighting       | 3 6 8 10 | 10.0
Throwing       | 3 |  3.7

Action                     |  1- 3 |  4- 6 |  7- 9 || total
---------------------------+-------+-------+-------++-------
  Melee: Flail             |    47 |    16 |    44 ||   107
  Throw: Throwing net      |       |       |     3 ||     3
    Use: Potion            |     1 |     2 |     5 ||     8
   Stab: Invisible         |       |       |     1 ||     1
 Armour: Robe              |    39 |    25 |    52 ||   116
  Dodge: Dodged            |    31 |    28 |    38 ||    97

Table legend: (Time is in decaauts)
 A = Elapsed time spent in this place.
 B = Non-inter-level travel time spent in this place.
 C = Inter-level travel time spent in this place.
 D = Time resting spent in this place.
 E = Time spent auto-exploring this place.
 F = Levels seen in this place.
 G = Mean time per level.
                   A        B        C        D        E       F      G
               +--------+--------+--------+--------+--------+-----+--------+
         Total |   1111 |   1092 |     19 |    757 |      0 |   1 | 1111.0 |
       Dungeon |   1111 |   1092 |     19 |    757 |      0 |   1 | 1111.0 |
               +--------+--------+--------+--------+--------+-----+--------+

Top non-repeatable levels by time:
       D: 1111 daAuts
